 Dungeon Crawl Stone Soup version 0.31-a0-237-g2d982f9f85 (webtiles) character file.

Game seed: 383296552530789672

855 qw the Skirmisher (level 7, -3/61 HPs)
             Began as a Minotaur Hexslinger on July 10, 2023.
             Shot with an arrow by a centaur (5 damage)
             ... on level 5 of the Dungeon.
             The game lasted 00:01:47 (4083 turns).

qw the Skirmisher (Minotaur Hexslinger)             Turns: 4083, Time: 00:01:47

Health: -3/61      AC:  5    Str: 13    XL:     7   Next: 70%
Magic:  7/7        EV: 11    Int: 10    God:
Gold:   113        SH:  0    Dex: 14    Spells: 7/8 levels left

rFire   . . .        Y - +1 sling (flame)
rCold   . . .        (no shield)
rNeg    . . .        e - +0 ring mail
rPois   .            (helmet restricted)
rElec   .            (no cloak)
rCorr   .            (no gloves)
SInv    .            (no boots)
Will    .....        (no amulet)
Stlth   +            (no ring)
HPRegen 0.30/turn    (no ring)
MPRegen 0.10/turn

%: no passive effects
@: no status effects
A: horns 2, retaliatory headbutt
a: no special abilities


You were on level 5 of the Dungeon.
You visited 2 branches of the dungeon, and saw 6 of its levels.

You collected 113 gold pieces.


Innate Abilities, Weirdness & Mutations

You have a pair of horns on your head.
You reflexively headbutt those who attack you in melee.


   Skills:
 - Level 5.6 Fighting
 + Level 8.3 Ranged Weapons
 - Level 1.0 Armour
 - Level 2.1 Dodging
 - Level 1.0 Spellcasting
 - Level 2.0 Hexes


You had 7 spell levels left.
You knew the following spells:

 Your Spells              Type           Power      Damage    Failure   Level
a - Slow                  Hex            16%        N/A       32%         1

Your spell library contained the following spells:

 Spells                   Type           Power      Damage    Failure   Level
 Inner Flame              Hex/Fire       2%         N/A       82%         3
 Portal Projectile        Hex/Tloc       4%         N/A       82%         3
 Cause Fear               Hex            2%         N/A       97%         4

Inventory:

Hand Weapons
 Y - a +1 sling of flaming (weapon)
Armour
 e - a +0 ring mail (worn)
Jewellery
 b - a ring of ice
Scrolls
 c - a scroll of identify
Potions
 a - 2 potions of mutation {unknown}
 d - a potion of degeneration {unknown}
 f - a potion of resistance
 g - a potion of brilliance {unknown}
 i - 2 potions of curing
 j - a potion of might {unknown}
 l - a potion of enlightenment {unknown}

Dungeon Overview and Level Annotations

Branches:
Dungeon (5/15)             Temple (1/1) D:4

Altars:
Ashenzari
Cheibriados
Dithmenos
Elyvilon
Gozag
Hepliaklqana
Kikubaaqudgha
Makhleb
Nemelex Xobeh
Qazlal
Ru
Sif Muna
Trog
Vehumet
Wu Jian
Xom
Yredelemnul

Annotations:
D:5 Edmund


Message History

You shoot a sling bullet.
The sling bullet hits the adder but does no damage.
The adder is moderately wounded.
The centaur shoots an arrow.
The arrow closely misses you. The adder barely misses you.
The centaur shoots an arrow.
The arrow hits you!
You shoot a sling bullet.
The sling bullet barely misses the adder.
The centaur shoots an arrow.
The arrow hits you! The adder closely misses you.
The adder bites you but does no damage.
You shoot a sling bullet.
The sling bullet closely misses the adder.
The centaur shoots an arrow.
The arrow hits you! The adder completely misses you.
The centaur shoots an arrow.
The arrow barely misses you.
You shoot a sling bullet.
The sling bullet barely misses the adder.
The adder bites you but does no damage.
The centaur shoots an arrow.
The arrow closely misses you.
You shoot a sling bullet. The sling bullet hits the adder.
The sling bullet burns the adder.
You kill the adder!
The centaur shoots an arrow.
The arrow hits you.
The centaur shoots an arrow.
The arrow hits you!
You shoot a sling bullet.
The sling bullet barely misses the centaur.
The centaur shoots an arrow.
The arrow barely misses you.
You shoot a sling bullet. The sling bullet hits the centaur.
The sling bullet burns the centaur.
The centaur is moderately wounded.
The centaur shoots an arrow.
The arrow hits you!
You shoot a sling bullet. The sling bullet hits the centaur.
The sling bullet burns the centaur.
The centaur is heavily wounded.
The centaur shoots an arrow.
The arrow hits you.
You shoot a sling bullet. The sling bullet hits the centaur.
The sling bullet burns the centaur.
The centaur is heavily wounded.
The centaur shoots an arrow.
The arrow hits you.
The centaur shoots an arrow.
The arrow hits you.
You die...

........(....#....#
######
#...........#....#
.....#
+.....#######....#
.....#
#.....#.....#....#
.....#
#.....#.....'....#
.....#
#.....'..<.##....#
.....# #+
#.....#....##....#
@ยค...##...
#.....#######....#
.......... #..@..+
.....# ..........
#..!..# .....#
...W...... #...c.#
.....# .....#####
#.....# ##....#
.....# ##.....
####### #......
......# #.......
......# #........
......#


You could see a centaur.

Vanquished Creatures
  A water moccasin (D:5)
  2 black bears
  A scorpion (D:5)
  3 jellies (D:5)
  3 hounds
  Jessica (D:3)
  An iguana (D:5)
  Natasha (thrice) (D:3)
  9 adders
  A white imp (D:4)
  4 worms
  3 dart slugs
  8 orcs
  16 endoplasms
  A giant cockroach (D:4)
  7 goblins
  8 hobgoblins
  7 jackals
  A kobold (D:2)
  9 ball pythons
  5 bats
  4 frilled lizards
  24 rats
122 creatures vanquished.

Notes
Turn   | Place    | Note
-------+----------+-------------------------------------------
     0 | D:1      | qw the Minotaur Hexslinger began the quest for the Orb.
     0 | D:1      | Reached XP level 1. HP: 16/16 MP: 1/1
     0 | D:1      | 0 ||| qw: Version: 0.3-a-52-g30416fa
     0 | D:1      | 0 ||| qw: Game counter: 4983
     0 | D:1      | 0 ||| qw: Melee chars always use a shield: true
     0 | D:1      | 0 ||| qw: God list: Okawaru
     0 | D:1      | 0 ||| qw: Allow faded altars: false
     0 | D:1      | 0 ||| qw: Do Orc after clearing Dungeon:15 true
     0 | D:1      | 0 ||| qw: Do second Lair branch before Depths: true
     0 | D:1      | 0 ||| qw: Lair rune preference: random
     0 | D:1      | 0 ||| qw: Goals: Normal
     0 | D:1      | 0 ||| PLANNING D:1-11
   113 | D:1      | Reached skill level 3 in Ranged Weapons
   129 | D:1      | Reached XP level 2. HP: 23/23 MP: 2/2
   693 | D:1      | Reached XP level 3. HP: 29/29 MP: 3/3
   782 | D:1      | 782 ||| UPGRADING to +0 ring mail.
   792 | D:1      | 792 ||| DROPPING +0 robe.
   793 | D:1      | 793 ||| READING scroll labelled QUNURUTZA YHU.
   794 | D:1      | 794 ||| READING scroll labelled RENEIW KAPSOTZ.
   795 | D:1      | 795 ||| READING 2 scrolls labelled PEAPYULIPO.
   798 | D:1      | 798 ||| READING scroll labelled YJOONI KIGOI.
   799 | D:1      | 799 ||| READING scroll labelled FOREGAOLAHI.
   800 | D:1      | 800 ||| DRINKING 2 bubbling yellow potions.
   801 | D:1      | 801 ||| DROPPING scroll of poison.
   802 | D:1      | 802 ||| DROPPING potion of attraction.
   881 | D:2      | HP: 7/29 [adder (2)]
   882 | D:2      | 882 ||| READING 2 scrolls of teleportation.
   884 | D:2      | Reached skill level 4 in Ranged Weapons
  1002 | D:2      | 1002 ||| Stepping ~*~*~tactically~*~*~ (outnumbered).
  1007 | D:2      | Reached skill level 1 in Armour
  1051 | D:2      | Reached XP level 4. HP: 36/36 MP: 4/4
  1138 | D:2      | 1138 ||| FLEEEEING.
  1139 | D:2      | 1139 ||| FLEEEEING.
  1140 | D:2      | 1140 ||| FLEEEEING.
  1141 | D:2      | 1141 ||| FLEEEEING.
  1142 | D:2      | 1142 ||| FLEEEEING.
  1187 | D:2      | Found a faded altar of an unknown god.
  1412 | D:2      | 1412 ||| READING scroll labelled GIANYN FISIAST.
  1413 | D:2      | 1413 ||| READING scroll labelled GYNEUS FOZAINITUUS.
  1414 | D:2      | 1414 ||| READING scroll labelled PEQOEC MYOSM.
  1415 | D:2      | 1415 ||| DRINKING 2 brown potions.
  1446 | D:2      | 1446 ||| DROPPING potion of lignification.
  1591 | D:3      | Reached skill level 5 in Ranged Weapons
  1622 | D:3      | 1622 ||| FLEEEEING.
  1819 | D:3      | Noticed Natasha
  1827 | D:3      | Killed Natasha
  1828 | D:3      | Reached skill level 3 in Fighting
  1828 | D:3      | Reached XP level 5. HP: 15/45 MP: 5/5
  1981 | D:3      | Noticed Jessica
  1982 | D:3      | 1982 ||| Stepping ~*~*~tactically~*~*~ (outnumbered).
  1985 | D:3      | Killed Jessica
  2002 | D:3      | Noticed Natasha
  2006 | D:3      | 2006 ||| Stepping ~*~*~tactically~*~*~ (outnumbered).
  2007 | D:3      | Killed Natasha
  2149 | D:3      | Noticed Natasha
  2161 | D:3      | Killed Natasha
  2281 | D:3      | Identified the +6 whip of Distraction {heavy, Dex+3}
  2358 | D:4      | Reached skill level 6 in Ranged Weapons
  2559 | D:4      | Reached XP level 6. HP: 37/52 MP: 6/6
  2936 | D:4      | Found a staircase to the Ecumenical Temple.
  2937 | D:4      | 2937 ||| PLANNING TEMPLE
  2937 | D:4      | 2937 ||| READING 2 scrolls labelled LUMULA DIWKYM.
  2938 | D:4      | 2938 ||| DRINKING 2 pink potions.
  2939 | D:4      | 2939 ||| DRINKING 2 coppery potions.
  2940 | D:4      | 2940 ||| DROPPING scroll of immolation.
  2952 | Temple   | Entered the Ecumenical Temple
  2952 | Temple   | Found a transporter.
  2952 | Temple   | Found a transporter.
  2954 | Temple   | Found a transporter.
  2954 | Temple   | Found a transporter.
  2964 | Temple   | 2964 ||| PLANNING D:1-11
  3294 | D:4      | 3294 ||| DRINKING 2 bubbling dark potions.
  3309 | D:5      | Entered Level 5 of the Dungeon
  3315 | D:5      | Reached skill level 7 in Ranged Weapons
  3325 | D:5      | Reached XP level 7. HP: 37/59 MP: 7/7
  3527 | D:5      | Reached skill level 8 in Ranged Weapons
  3584 | D:5      | Noticed Edmund
  3595 | D:5      | HP: 12/59 [Edmund/+2 flail of protection (6)]
  3596 | D:5      | 3596 ||| READING scroll of teleportation.
  3597 | D:5      | 3597 ||| DRINKING potion of heal wounds.
  4081 | D:5      | HP: 14/61 [centaur/arrow (11)]
  4083 | D:5      | HP: 2/61 [centaur/arrow (6)]
  4083 | D:5      | Shot with an arrow by a centaur

Levels and vault maps discovered:
D:1:      minmay_arrival_radiant_lines, layout_basic, minmay_tiny_reverse_x
D:2:      layout_rooms, chequers_ecumenical_altar_simple_redux,
          minmay_rat_gold_closets
D:3:      layout_loops_ring, uniq_natasha, uniq_jessica
D:4:      layout_cave_pods, minmay_temple_entry_grid
D:5:      layout_gridville, amcnicky_mini_pool_small, uniq_edmund
Temple:   hellmonk_temple_divided_pantheon

Skill      XL: |  1  2  3  4  5  6  7 |
---------------+----------------------+-----
Ranged Weapons | 3 4 5 6 7 8 |  8.3
Fighting       | 2 3 4 5 |  5.6
Armour         | 1 |  1.0
Dodging        | |  2.1
Spellcasting   | |  1.0
Hexes          | |  2.0

Action                     |  1- 3 |  4- 6 |  7- 9 || total
---------------------------+-------+-------+-------++-------
   Fire: Sling             |   106 |   239 |    73 ||   418
    Use: Scroll            |     6 |     4 |     1 ||    11
         Potion            |     1 |     4 |     1 ||     6
 Armour: Robe              |     2 |       |       ||     2
         Ring mail         |     9 |    73 |    12 ||    94
  Dodge: Dodged            |    32 |    74 |    16 ||   122

Table legend:
 A = Non-vault XP
 B = Vault XP
 C = Vault XP percentage of total XP
 D = Non-vault monster count
 E = Vault monster count
 F = Vault count percentage of total count
                 A         B        C        D         E       F
            +---------+---------+-------+---------+---------+-------
      Total |    1137 |      85 |   7.0 |     108 |      14 |  11.5
            +---------+---------+-------+---------+---------+-------
        D:1 |      38 |       3 |   7.3 |      25 |       2 |   7.4
        D:2 |      71 |      10 |  12.3 |      25 |      10 |  28.6
        D:3 |     155 |      72 |  31.7 |      26 |       2 |   7.1
        D:4 |     243 |       0 |   0.0 |      17 |       0 |   0.0
        D:5 |     630 |       0 |   0.0 |      15 |       0 |   0.0
            +---------+---------+-------+---------+---------+-------
